 Dungeon Crawl Stone Soup version 0.29-a0-529-gfa20dd96a1 (webtiles) character file.

Game seed: 338703468073912684

60234 magipi the Covert (level 14, -12/111 HPs)
             Began as a Gnoll Brigand on June 1, 2022.
             Was an Initiate of Gozag.
             Mangled by a death yak (17 damage)
             ... on level 6 of the Lair of Beasts.
             The game lasted 01:45:03 (33156 turns).

magipi the Covert (Gnoll Brigand)                  Turns: 33156, Time: 01:45:03

Health: -12/111    AC: 21    Str: 15    XL:     14   Next: 98%
Magic:  25/27      EV: 12    Int: 20    God:    Gozag
Gold:   4408       SH: 11    Dex: 14    Spells: 14/32 levels left

rFire   + . .      SeeInvis +   b - +2 war axe (venom)
rCold   + . .      Faith    .   D - +0 kite shield
rNeg    . . .      Spirit   .   K - +6 scale mail of Sepliu {Will++ Int+5}
rPois   .          Reflect  .   R - +3 crown of Dyrovepreva {rElec Int+2 SInv}
rElec   +          Harm     .   l - +2 cloak {Will+}
rCorr   .          Rampage  .   (no gloves)
Will    ++++.                   (no boots)
Stlth   ++++......              r - amulet of the acrobat
HPRegen 0.28/turn               c - ring of protection from cold
MPRegen 0.20/turn               f - ring of protection from fire

@: gold aura, freezing walls
A: fangs 1, strong nose, distributed training, clever 1
a: Renounce Religion, Potion Petition, Call Merchant, Bribe Branch


You were on level 6 of the Lair of Beasts.
You worshipped Gozag.
Gozag was most pleased with you.
You visited 3 branches of the dungeon, and saw 18 of its levels.
You also visited: Ossuary and Ice Cave.

You collected 7183 gold pieces.
You paid 2775 gold pieces to Gozag.

Inventory:

Hand Weapons
 a - a +2 dagger of draining
   (You took it off an orc wizard on level 5 of the Dungeon)
 b - a +2 war axe of venom (weapon)
   (You took it off an orc on level 8 of the Dungeon)
 e - a +1 vorpal war axe
   (You took it off an orc on level 3 of the Dungeon)
 n - a +0 trident of protection
   (You took it off an orc warrior on level 8 of the Dungeon)
Missiles
 k - 10 boomerangs (quivered)
 C - 4 curare-tipped darts
 E - 20 poisoned darts
 N - 4 javelins
Armour
 l - a +2 cloak of willpower (worn)
   (You took it off Crazy Yiuf on level 2 of the Dungeon)
 D - a +0 kite shield (worn)
   (You took it off a gnoll sergeant on level 11 of the Dungeon)
 K - the +6 scale mail of Sepliu (worn) {Will++ Int+5}
   (You took it off a kobold on level 7 of the Dungeon)

   Int:       It affects your intelligence (+5).
   Will:      It greatly increases your willpower.
 R - the +3 crown of Dyrovepreva (worn) {rElec Int+2 SInv}
   (You found it on level 11 of the Dungeon)

   Int:       It affects your intelligence (+2).
   rElec:     It insulates you from electricity.
   SInv:      It lets you see invisible.
Jewellery
 c - a ring of protection from cold (left hand)
   (You found it on level 7 of the Dungeon)
 f - a ring of protection from fire (right hand)
   (You took it off a meliai on level 4 of the Lair of Beasts)
 o - a ring of resist corrosion
   (You found it on level 1 of the Dungeon)
 r - an amulet of the acrobat (around neck)
   (You found it on level 10 of the Dungeon)
Wands
 d - a wand of digging (5)
   (You found it on level 11 of the Dungeon)
 x - a wand of flame (45)
   (You found it on level 3 of the Dungeon)
 A - a wand of paralysis (3)
   (You found it on level 2 of the Lair of Beasts)
 M - a wand of polymorph (14)
   (You found it on level 6 of the Dungeon)
 Q - a wand of acid (1)
   (You found it on level 3 of the Lair of Beasts)
 S - a wand of charming (3)
   (You found it on level 1 of the Lair of Beasts)
 W - a wand of mindburst (1)
   (You found it on level 6 of the Lair of Beasts)
 X - a wand of iceblast (3)
   (You found it on level 5 of the Lair of Beasts)
Scrolls
 g - 5 scrolls of vulnerability
 h - a scroll of silence {unknown}
 i - 2 scrolls of fog
 j - 5 scrolls of identify
 q - 2 scrolls of summoning
 v - 2 scrolls of magic mapping
 y - 4 scrolls of blinking
 G - 2 scrolls of immolation
 H - 3 scrolls of enchant weapon
 I - 4 scrolls of poison
 O - 5 scrolls of enchant armour
 P - 4 scrolls of fear
 Z - 2 scrolls of teleportation
Potions
 m - 8 potions of curing
 p - 3 potions of might
 s - 6 potions of berserk rage
 t - a potion of ambrosia
 u - a potion of resistance
 w - 2 potions of mutation
 z - 5 potions of brilliance
 B - 2 potions of magic
 F - 6 potions of attraction
 J - 4 potions of lignification
 L - 2 potions of flight
 T - a potion of invisibility
 U - a potion of cancellation
 V - a potion of heal wounds
 Y - a potion of haste


   Skills:
 + Level 10.7 Fighting
 + Level 10.7 Short Blades
 + Level 9.7 Long Blades
 + Level 9.7 Axes
 + Level 9.7 Maces & Flails
 + Level 9.7 Polearms
 + Level 9.7 Staves
 + Level 9.7 Slings
 + Level 9.7 Bows
 + Level 9.7 Crossbows
 + Level 10.7 Throwing
 + Level 9.7 Armour
 + Level 10.1 Dodging
 + Level 12.3 Stealth
 + Level 9.7 Shields
 + Level 9.7 Unarmed Combat
 + Level 9.7 Spellcasting
 + Level 8.1 Conjurations
 + Level 8.1 Hexes
 + Level 8.1 Summonings
 + Level 8.1 Necromancy
 + Level 8.1 Translocations
 + Level 8.1 Transmutations
 + Level 8.1 Fire Magic
 + Level 8.1 Ice Magic
 + Level 8.1 Air Magic
 + Level 8.1 Earth Magic
 + Level 8.1 Poison Magic
 + Level 10.5 Invocations
 + Level 9.7 Evocations


You had 14 spell levels left.
You knew the following spells:

 Your Spells              Type           Power      Damage    Failure   Level
a - Apportation           Tloc           84%        N/A       1%          1
c - Frozen Ramparts       Ice            84%        1d10      5%          3
i - Summon Ice Beast      Ice/Summ       42%        N/A       19%         4
u - Dispel Undead         Necr           42%        3d17      19%         4
w - Passwall              Tmut/Erth      35%        N/A       2%          2
y - Sticky Flame          Conj/Fire      42%        2d6       19%         4

Your spell library contained the following spells:

 Spells                   Type           Power      Damage    Failure   Level
 Beastly Appendage        Tmut           84%        N/A       1%          1
 Foxfire                  Conj/Fire      100%       2x1d9     1%          1
 Freeze                   Ice            100%       1d11      1%          1
 Magic Dart               Conj           100%       1d8       1%          1
 Necrotize                Necr           100%       1d9       1%          1
 Summon Small Mammal      Summ           100%       N/A       1%          1
 Ensorcelled Hibernation  Hex/Ice        84%        N/A       2%          2
 Scorch                   Fire           84%        2d9       2%          2
 Searing Ray              Conj           84%        2d7       2%          2
 Static Discharge         Conj/Air       42%        N/A       2%          2
 Wereblood                Tmut           42%        N/A       2%          2
 Confusing Touch          Hex            42%        N/A       5%          3
 Conjure Flame            Conj/Fire      42%        6-21      5%          3
 Ignite Poison            Fire/Tmut/Pois 42%        N/A       5%          3
 Inner Flame              Hex/Fire       42%        N/A       5%          3
 Mephitic Cloud           Conj/Pois/Air  42%        N/A       5%          3
 Spider Form              Tmut/Pois      42%        N/A       5%          3
 Swiftness                Air            42%        N/A       5%          3
 Anguish                  Hex/Necr       21%        N/A       19%         4
 Cause Fear               Hex            21%        N/A       19%         4
 Flame Wave               Conj/Fire      42%        2d9       19%         4
 Fulminant Prism          Conj/Hex       21%        3d13      19%         4
 Hailstorm                Conj/Ice       42%        3d10      19%         4
 Ice Form                 Ice/Tmut       42%        N/A       19%         4
 Blade Hands              Tmut           21%        N/A       45%         5
 Fireball                 Conj/Fire      21%        3d10      45%         5
 Freezing Cloud           Conj/Ice/Air   21%        6-21      45%         5
 Irradiate                Conj/Tmut      21%        3d20      45%         5
 Iskenderun's Battlesphe  Conj           42%        2d9       45%         5
 Yara's Violent Unravell  Hex/Tmut       21%        3d10      45%         5
 Conjure Ball Lightning   Conj/Air       21%        3x3d6     95%         6
 Dispersal                Tloc           21%        N/A       95%         6
 Summon Cactus Giant      Summ           21%        N/A       95%         6
 Dragon Form              Tmut           21%        N/A       100%        7
 Enfeeble                 Hex            21%        N/A       100%        7
 Orb of Destruction       Conj           21%        9d8       100%        7
 Discord                  Hex            21%        N/A       100%        8
 Disjunction              Tloc           21%        N/A       100%        8
 Polar Vortex             Ice            21%        N/A       100%        9
 Simulacrum               Ice/Necr       Unusable   N/A       N/A         6

Dungeon Overview and Level Annotations

Branches:
Dungeon (11/15)            Temple (1/1) D:4            Lair (6/6) D:10
  Swamp (0/4) Lair:3       Spider (0/4) Lair:4        Slime (0/5) Lair:6
    Orc (0/2) D:11        Ossuary (visited)           IceCv (visited)

Altars:
Ashenzari
Cheibriados
Dithmenos
Elyvilon
Fedhas
Gozag
Hepliaklqana
Kikubaaqudgha
Makhleb
Nemelex Xobeh
Okawaru
Qazlal
Ru
Sif Muna
Trog
Uskayaw
Vehumet
Wu Jian
Xom
Yredelemnul
Zin
The Shining One
Jiyva

Portals:
Trove: D:10 (give +6 demon whip)

Annotations:
D:10 2 transporters, Subbak's ghost, journeyman TeFE
D:11 exclusion: ettin
Lair:2 1 runed translucent door, Hudyte's ghost, journeyman DEEE


Innate Abilities, Weirdness & Mutations

You have very sharp teeth.
Your uncanny sense of smell can sniff out nearby items.
Your experience applies equally to all skills.
Your mind is acute. (Int +2)


Message History

You strike the helpless death yak from behind!
You slash the death yak!
The death yak looks as sick as possible!
The death yak is almost dead.
You hit the catoblepas but do no damage.
The death yak stops moving altogether!
You block the catoblepas's attack.
Unknown command.
Unknown command.
Unknown command.
The helpless death yak fails to defend itself.
You hit the death yak but do no damage.
The death yak is almost dead.
You hit the catoblepas.
The catoblepas looks as sick as possible!
You slash the death yak!
The death yak looks as sick as possible!
The catoblepas breathes a plume of calcifying dust at you.
The blast of calcifying dust hits you but does no damage.
The death yak gores you!
Unknown command.
The catoblepas attacks as you move away!
The catoblepas misses you. The death yak attacks as you move away!
The death yak gores you.
The death yak stops moving altogether!
Unknown command.
Unknown command.
The helpless death yak fails to defend itself.
You slash the death yak!
The death yak looks as sick as possible!
The death yak is almost dead.
You completely miss the catoblepas.
The catoblepas breathes a plume of calcifying dust at you.
The blast of calcifying dust hits you but does no damage.
You block the catoblepas's attack.
Unknown command.
The catoblepas breathes a plume of calcifying dust at you.
The blast of calcifying dust hits you.
Unknown command.
Unknown command.
Unknown command.
Unknown command.
Unknown command.
Unknown command.
Unknown command.
Throw: 10 boomerangs
Press: ? - help, Q - select action, (/) - cycle Shift-Dir - straight line, f - catoblepas
Aim: a catoblepas (calcifying dust, heavily wounded, very poisoned, 91% to hit)
You throw a boomerang. The boomerang hits the catoblepas.
The catoblepas is heavily wounded.
The death yak is engulfed in calcifying dust.
The death yak is moving more slowly.
You slash the catoblepas!
The catoblepas is severely wounded.
You kill the death yak!
The death yak is no longer petrified.
The catoblepas gores you!!
Unknown command.
Unknown command.
You slash the catoblepas!
The catoblepas looks as sick as possible!
The catoblepas is severely wounded.
You block the catoblepas's attack.
You slash the catoblepas!
You kill the catoblepas!
You hit the death yak but do no damage.
The death yak looks as sick as possible!
You bite the death yak, but do no damage.
The death yak is moderately wounded.
You block the death yak's attack.
You slash the death yak!
The death yak looks as sick as possible!
The death yak is heavily wounded.
The death yak is distracted by your dazzling golden aura.
You completely miss the death yak.
The death yak is no longer distracted by gold.
The death yak is heavily wounded.
The death yak gores you!
Casting: Frozen Ramparts (mildly dangerous; 5% risk of failure)
Confirm with . or Enter, or press ? or * to list all spells.
Casting: Frozen Ramparts (mildly dangerous; 5% risk of failure)
Press: ? - help, Dir - look around, f - activate The walls around you are covered in ice.
The wall freezes the death yak.
The death yak closely misses you.
Unknown command.
Unknown command.
You hit the death yak.
The death yak looks as sick as possible!
The death yak is heavily wounded.
The wall freezes the death yak.
The death yak barely misses you.
You hit the death yak.
The death yak is severely wounded.
The wall freezes the death yak!
The death yak gores you!
* * * LOW HITPOINT WARNING * * *
Unknown command.
You hit the death yak.
The death yak looks as sick as possible!
The death yak is severely wounded.
The wall freezes the death yak.
The death yak gores you!!
* * * LOW HITPOINT WARNING * * *
The wall freezes the death yak.
The death yak gores you!
You die...
Your body crumbles into a pile of gold.

# ***** ###### ## ***,,,**
#######.P.P## .##*,,,,,,*
##..@Y.......##*###
#.#****,,**##.....$.......##P.###
###*,**,**##......#######....P..#
.#**,.#,,*#.....###,∆,,,###.P..##
##*,....,##...###,,∆.....Y÷....#
# *#.#..##..###,,,8,.#.....Y..##
##...###..##*,8,,,,*#......#.#
##P...##...#**,,∆,,,*###...##.#
.#.....#..##*∆,8,,8,,**..Y##..#


You could see a death yak (extremely poisoned).

Vanquished Creatures
  6 hydras
  A vault guard (D:10)
  A boulder beetle (D:10)
  A catoblepas (Lair:6)
  2 two-headed ogres
  6 death yaks
  2 lindwurms (Lair:4)
  An oklob plant (Lair:2)
  A wolf spider (Lair:4)
  A cyclops (D:11)
  2 manticores
  20 elephants
  6 black mambas
  2 torpor snails
  9 cane toads
  4 rime drakes
  9 komodo dragons
  An entropy weaver simulacrum (IceCv)
  A queen bee (Lair:4)
  3 polar bears
  5 meliai (Lair:4)
  4 trolls
  2 tyrant leeches (Lair:3)
  A hornet (D:8)
  4 dream sheep (Lair:3)
  26 blink frogs
  2 wraiths
  5 wyverns
  60 yaks
  4 basilisks
  Grum (D:8)
  A redback (Lair:4)
  A steam dragon (D:8)
  Edmund (D:4)
  2 acid dragons
  3 wargs (D:10)
  2 swamp worms (Lair:3)
  17 water moccasins
  5 orc warriors
  3 sky beasts
  2 black bears
  An ice beast (Lair:6)
  5 centaurs
  An ogre (D:7)
  30 wolves
  A phantom (D:5)
  2 kobold brigands
  2 glowing shapeshifter simulacra (IceCv)
  18 bullfrogs
  2 necrophages (D:4)
  3 scorpions
  4 gnoll sergeants
  A wight (D:8)
  52 killer bees
  A howler monkey (D:3)
  6 hounds
  2 jellies
  Crazy Yiuf (D:2)
  3 gnoll shamans
  4 orc priests
  Natasha (thrice) (D:4)
  2 iguanas
  14 orc wizards
  8 mummies (Ossuary)
  34 gnolls
  7 adders
  A river rat (Lair:4)
  A shadow imp (D:6)
  4 white imps
  2 ufetubi
  5 worms
  2 dart slugs
  55 orcs
  7 ball pythons
  10 endoplasms
  A giant cockroach (D:1)
  A gnoll zombie (Ossuary)
  12 goblins
  13 hobgoblins
  19 jackals
  5 quokkas
  3 bats
  3 frilled lizards (D:2)
  4 hobgoblin zombies (Ossuary)
  12 kobolds
  2 kobold zombies (Ossuary)
  An orc zombie (Ossuary)
  5 rats
  A butterfly (Lair:1)
606 creatures vanquished.

Vanquished Creatures (others)
  An orc wizard (D:11)
  3 bushes (Lair:6)
  53 fungi
  53 plants
110 creatures vanquished.

Grand Total: 716 creatures vanquished

Notes
Turn   | Place    | Note
-------+----------+-------------------------------------------
     0 | D:1      | magipi the Gnoll Brigand began the quest for the Orb.
     0 | D:1      | Reached XP level 1. HP: 20/20 MP: 1/1
   110 | D:1      | Found a faded altar of an unknown god.
   152 | D:1      | Reached XP level 2. HP: 14/26 MP: 2/2
   734 | D:1      | Reached XP level 3. HP: 30/31 MP: 3/3
  1192 | D:2      | Reached skill level 1 in Invocations
  1422 | D:2      | Reached skill level 1 in Long Blades
  1422 | D:2      | Reached skill level 1 in Axes
  1422 | D:2      | Reached skill level 1 in Maces & Flails
  1422 | D:2      | Reached skill level 1 in Polearms
  1422 | D:2      | Reached skill level 1 in Staves
  1422 | D:2      | Reached skill level 1 in Slings
  1422 | D:2      | Reached skill level 1 in Bows
  1422 | D:2      | Reached skill level 1 in Crossbows
  1422 | D:2      | Reached skill level 1 in Armour
  1422 | D:2      | Reached skill level 1 in Shields
  1422 | D:2      | Reached skill level 1 in Unarmed Combat
  1422 | D:2      | Reached skill level 1 in Spellcasting
  1422 | D:2      | Reached skill level 1 in Evocations
  1536 | D:2      | Found a runed translucent door.
  1537 | D:2      | Noticed Crazy Yiuf
  1661 | D:2      | Reached XP level 4. HP: 38/38 MP: 5/5
  2125 | D:3      | Noticed a bullfrog
  2136 | D:3      | Killed a bullfrog
  2137 | D:3      | Reached skill level 1 in Conjurations
  2137 | D:3      | Reached skill level 1 in Hexes
  2137 | D:3      | Reached skill level 1 in Summonings
  2137 | D:3      | Reached skill level 1 in Necromancy
  2137 | D:3      | Reached skill level 1 in Translocations
  2137 | D:3      | Reached skill level 1 in Transmutations
  2137 | D:3      | Reached skill level 1 in Fire Magic
  2137 | D:3      | Reached skill level 1 in Ice Magic
  2137 | D:3      | Reached skill level 1 in Air Magic
  2137 | D:3      | Reached skill level 1 in Earth Magic
  2137 | D:3      | Reached skill level 1 in Poison Magic
  2137 | D:3      | Reached XP level 5. HP: 26/43 MP: 5/7
  2392 | D:3      | Reached skill level 8 in Stealth
  2488 | D:3      | Reached XP level 6. HP: 47/50 MP: 8/8
  2853 | D:3      | Found an ancient bone altar of Kikubaaqudgha.
  3269 | D:4      | Reached skill level 5 in Fighting
  3269 | D:4      | Reached skill level 5 in Short Blades
  3269 | D:4      | Reached skill level 5 in Throwing
  3361 | D:4      | Noticed Edmund
  3525 | D:4      | Killed Edmund
  3526 | D:4      | Reached XP level 7. HP: 6/53 MP: 10/10
  4175 | D:4      | Noticed Natasha
  4183 | D:4      | Killed Natasha
  4237 | D:4      | Found a broken altar of Ashenzari.
  4267 | D:4      | Noticed Natasha
  4280 | D:4      | Killed Natasha
  4385 | D:4      | Found a staircase to the Ecumenical Temple.
  4399 | Temple   | Entered the Ecumenical Temple
  4578 | Temple   | Became a worshipper of Gozag Ym Sagoz the Greedy
  4676 | D:4      | Found a broken altar of Ashenzari.
  4757 | D:4      | Found a staircase to the Ecumenical Temple.
  4964 | D:4      | Noticed Natasha
  4978 | D:4      | Killed Natasha
  5046 | D:5      | Entered Level 5 of the Dungeon
  5414 | D:5      | Reached XP level 8. HP: 36/63 MP: 12/12
  9246 | D:3      | Reached XP level 9. HP: 62/63 MP: 14/14
 11087 | D:7      | Identified a scroll of acquirement
 11087 | D:7      | Acquired 892 gold pieces
 11148 | D:7      | Found a sand-covered staircase.
 11155 | Ossuary  | Entered an ossuary
 11624 | D:7      | Reached skill level 5 in Dodging
 11660 | D:7      | Reached skill level 9 in Stealth
 12032 | D:7      | Identified the +6 scale mail of Sepliu {Will++ Int+5}
 12447 | D:7      | Found a sparkling altar of Nemelex Xobeh.
 12450 | D:7      | Found a radiant altar of Vehumet.
 12586 | D:7      | Found a shimmering blue altar of Sif Muna.
 12614 | D:7      | Found a white marble altar of Elyvilon.
 12799 | D:8      | Reached skill level 5 in Invocations
 12913 | D:8      | Noticed a hornet
 13559 | D:8      | Killed a hornet
 13596 | D:8      | Reached XP level 10. HP: 71/77 MP: 17/17
 13804 | D:8      | Noticed a manticore
 14035 | D:8      | Reached skill level 5 in Long Blades
 14035 | D:8      | Reached skill level 5 in Axes
 14035 | D:8      | Reached skill level 5 in Maces & Flails
 14035 | D:8      | Reached skill level 5 in Polearms
 14035 | D:8      | Reached skill level 5 in Staves
 14035 | D:8      | Reached skill level 5 in Slings
 14035 | D:8      | Reached skill level 5 in Bows
 14035 | D:8      | Reached skill level 5 in Crossbows
 14035 | D:8      | Reached skill level 5 in Armour
 14035 | D:8      | Reached skill level 5 in Shields
 14035 | D:8      | Reached skill level 5 in Unarmed Combat
 14035 | D:8      | Reached skill level 5 in Spellcasting
 14035 | D:8      | Reached skill level 5 in Evocations
 14660 | D:8      | Noticed Grum
 14680 | D:8      | Killed Grum
 14992 | D:8      | Killed a manticore
 15649 | D:8      | Learned a level 3 spell: Frozen Ramparts
 15654 | D:8      | Learned a level 4 spell: Dispel Undead
 15716 | D:9      | Gained mutation: Your mind is acute. (Int +2) [potion of
                  | mutation]
 15722 | D:9      | Noticed a two-headed ogre
 15752 | D:8      | Reached XP level 11. HP: 49/84 MP: 19/19
 16751 | D:9      | Killed a two-headed ogre
 16752 | D:9      | Reached skill level 5 in Conjurations
 16752 | D:9      | Reached skill level 5 in Hexes
 16752 | D:9      | Reached skill level 5 in Summonings
 16752 | D:9      | Reached skill level 5 in Necromancy
 16752 | D:9      | Reached skill level 5 in Translocations
 16752 | D:9      | Reached skill level 5 in Transmutations
 16752 | D:9      | Reached skill level 5 in Fire Magic
 16752 | D:9      | Reached skill level 5 in Ice Magic
 16752 | D:9      | Reached skill level 5 in Air Magic
 16752 | D:9      | Reached skill level 5 in Earth Magic
 16752 | D:9      | Reached skill level 5 in Poison Magic
 16788 | D:9      | Reached skill level 10 in Stealth
 17195 | D:2      | Killed Crazy Yiuf
 17443 | D:10     | Entered Level 10 of the Dungeon
 17444 | D:10     | Found a transporter.
 17445 | D:10     | Noticed a two-headed ogre
 17445 | D:10     | Noticed a two-headed ogre
 17502 | D:10     | Noticed a boulder beetle
 17842 | D:10     | Learned a level 1 spell: Apportation
 17848 | D:10     | Killed a boulder beetle
 17911 | D:10     | Noticed a vault guard
 17917 | D:10     | Killed a vault guard
 17921 | D:10     | Found a portal to a secret trove of treasure.
 17944 | D:10     | Noticed Subbak's ghost (journeyman TeFE)
 18042 | D:10     | Found a transporter.
 18043 | D:10     | Noticed an orc knight
 18231 | D:10     | Found a staircase to the Lair.
 18692 | D:11     | Found a frozen archway.
 18722 | IceCv    | Entered an ice cave
 19004 | IceCv    | Noticed a quicksilver ooze
 19511 | D:11     | Found a staircase to the Orcish Mines.
 19575 | D:11     | Noticed a manticore
 19581 | D:11     | Killed a manticore
 19818 | D:11     | Reached XP level 12. HP: 93/93 MP: 22/22
 20095 | D:11     | Found the +3 crown of Dyrovepreva {rElec Int+2 SInv}
 20129 | D:11     | Noticed an ettin
 20289 | D:11     | Noticed a two-headed ogre
 20303 | D:11     | Killed a two-headed ogre
 20576 | Lair:1   | Entered Level 1 of the Lair of Beasts
 21222 | Lair:1   | Learned a level 4 spell: Summon Ice Beast
 21692 | Lair:2   | Identified the +1 mace "Ilofiu Bikh" {antimagic, Dex+2}
 22358 | Lair:2   | Found a runed translucent door.
 22358 | Lair:2   | Noticed Hudyte's ghost (journeyman DEEE)
 22967 | Lair:2   | Reached skill level 11 in Stealth
 23782 | Lair:2   | Reached XP level 13. HP: 67/101 MP: 24/24
 25114 | Lair:3   | Learned a level 2 spell: Passwall
 25676 | Lair:3   | Found a staircase to the Swamp.
 25770 | Lair:3   | You fall into a shaft and drop 3 floors!
 25770 | Lair:6   | Entered Level 6 of the Lair of Beasts
 27730 | Lair:4   | Reached skill level 10 in Fighting
 27730 | Lair:4   | Reached skill level 10 in Short Blades
 27730 | Lair:4   | Reached skill level 10 in Throwing
 27734 | Lair:4   | Reached XP level 14. HP: 69/110 MP: 26/26
 28888 | Lair:4   | Reached skill level 10 in Invocations
 29251 | Lair:4   | Found a hole to the Spider Nest.
 29338 | Lair:4   | Reached skill level 12 in Stealth
 31968 | Lair:6   | Noticed Sonja
 31969 | Lair:6   | Noticed Sonja
 31969 | Lair:6   | Sonja changed into Sonja the ice beast
 31976 | Lair:6   | Killed Sonja the ice beast
 32141 | Lair:6   | Found a staircase to the Slime Pits.
 32142 | Lair:6   | Found a viscous altar of Jiyva.
 32340 | Lair:6   | Found an ancient bone altar of Kikubaaqudgha.
 32487 | Lair:6   | Learned a level 4 spell: Sticky Flame
 32841 | Lair:6   | Reached skill level 10 in Dodging
 33156 | Lair:6   | HP: 5/111 [death yak (20)]
 33156 | Lair:6   | Mangled by a death yak

Illustrated notes

Levels and vault maps discovered:
D:1:      dpeg_arrival_arbitrary_b, layout_loops_ring, basic_ecumenical_altar,
          minmay_tetromino_o4
D:2:      wad_pebble_path, layout_rooms, serial_curves, eino_curves_03,
          eino_curves_04, eino_curves_04, eino_curves_03, nicolae_wormholes,
          uniq_crazy_yiuf_cottage
D:3:      lemuel_castle_with_subvaults [lemuel_castle_interior_carwin_2],
          layout_basic, kiku_gazebo_garden_becter
D:4:      layout_basic, cheibrodos_ashenzari_chains,
          minmay_temple_entry_offerings, uniq_natasha, uniq_edmund
D:5:      minmay_angry_zag, layout_loops_ring
D:6:      layout_cave_pools, hangedman_abyss_or_decor_stabs
D:7:      layout_loops_corners, minitemple, mainiacjoe_overflow_big_doors,
          chequers_ossuary_entry_cave
D:8:      minmay_imperfect_grid, layout_loops_ring, hex_tiny, uniq_grum
D:9:      layout_cave_pools
D:10:     layout_rooms, erik_lair_orcish_takeover, enter_trove_5,
          gammafunk_ghost_arena, dk_noncrumbling_4
D:11:     nicolae_hexawheel, layout_stronghold, orc_0_dummy,
          serial_column_ruins, column_ruins_pillar_9, column_ruins_pillar_3,
          column_ruins_pillar_1, column_ruins_pillar_4, column_ruins_pillar_1,
          column_ruins_pillar_1, column_ruins_pillar_9, column_ruins_pillar_9,
          column_ruins_pillar_2, column_ruins_pillar_3, column_ruins_pillar_1,
          portal_ice_cave_rime
Temple:   regret_index_temple_sphere_string
Lair:1:   layout_cave_pods, infiniplex_staircase_pool_2, grunt_megastairs_4,
          lemuel_fruit_fields, lemuel_fruit_fields
Lair:2:   layout_regular_city, ebering_ghost_reflecting_pool, lemuel_fruit_tree
Lair:3:   layout_long_grid, palyth_hydra_swamp_entry, infiniplex_staircase_pool
Lair:4:   regret_index_combs_of_tragedy, layout_regular_city,
          spider_nest_entry_funnel_web, st_stairs_3
Lair:5:   layout_gridlike
Lair:6:   grunt_lair_end_beastmaster, layout_layer_cave,
          dpeg_slime_entry_enclosed_altar, lemuel_centaur_altar,
          serial_bayou_shore_a, uniq_sonja

Skill      XL: |  1  2  3  4  5  6  7  8  9 10 11 12 13 14 |
---------------+-------------------------------------------+-----
Invocations    | 1 2 3 4 5 6 7 8 9 10 | 10.5
Long Blades    | 1 2 3 4 5 6 7 8 9 |  9.7
Axes           | 1 2 3 4 5 6 7 8 9 |  9.7
Maces & Flails | 1 2 3 4 5 6 7 8 9 |  9.7
Polearms       | 1 2 3 4 5 6 7 8 9 |  9.7
Staves         | 1 2 3 4 5 6 7 8 9 |  9.7
Slings         | 1 2 3 4 5 6 7 8 9 |  9.7
Bows           | 1 2 3 4 5 6 7 8 9 |  9.7
Crossbows      | 1 2 3 4 5 6 7 8 9 |  9.7
Armour         | 1 2 3 4 5 6 7 8 9 |  9.7
Shields        | 1 2 3 4 5 6 7 8 9 |  9.7
Unarmed Combat | 1 2 3 4 5 6 7 8 9 |  9.7
Spellcasting   | 1 2 3 4 5 6 7 8 9 |  9.7
Evocations     | 1 2 3 4 5 6 7 8 9 |  9.7
Conjurations   | 1 2 3 4 5 6 7 8 |  8.1
Hexes          | 1 2 3 4 5 6 7 8 |  8.1
Summonings     | 1 2 3 4 5 6 7 8 |  8.1
Necromancy     | 1 2 3 4 5 6 7 8 |  8.1
Translocations | 1 2 3 4 5 6 7 8 |  8.1
Transmutations | 1 2 3 4 5 6 7 8 |  8.1
Fire Magic     | 1 2 3 4 5 6 7 8 |  8.1
Ice Magic      | 1 2 3 4 5 6 7 8 |  8.1
Air Magic      | 1 2 3 4 5 6 7 8 |  8.1
Earth Magic    | 1 2 3 4 5 6 7 8 |  8.1
Poison Magic   | 1 2 3 4 5 6 7 8 |  8.1
Dodging        | 3 4 5 6 7 8 9 10 | 10.1
Stealth        | 8 9 10 11 12 | 12.3
Fighting       | 5 6 7 8 9 10 | 10.7
Short Blades   | 5 6 7 8 9 10 | 10.7
Throwing       | 5 6 7 8 9 10 | 10.7

Action                   |  1- 3 |  4- 6 |  7- 9 | 10-12 | 13-15 || total
-------------------------+-------+-------+-------+-------+-------++-------
Melee: Dagger            |   102 |   131 |   878 |  1185 |   191 ||  2487
       Bite              |     6 |    14 |    96 |   199 |   139 ||   454
       Punch             |       |     1 |    23 |       |       ||    24
       War axe           |       |       |    40 |   117 |   688 ||   845
       Trident           |       |       |       |       |     5 ||     5
Throw: Dart              |     5 |    40 |    66 |    26 |    17 ||   154
       Boomerang         |       |     1 |     5 |    39 |    79 ||   124
 Cast: Passwall          |       |       |       |       |     3 ||     3
       Frozen Ramparts   |       |       |       |       |    15 ||    15
Invok: Potion Petition   |       |       |       |       |     5 ||     5
Evoke: Wand              |       |     3 |    13 |    24 |    29 ||    69
  Use: Scroll            |       |       |    16 |    16 |     3 ||    35
       Potion            |       |       |       |     8 |       ||     8
 Stab: Sleeping          |    13 |     7 |     6 |    18 |    11 ||    55
       Distracted        |     1 |       |     3 |     4 |     6 ||    14
       Paralysed         |       |       |     3 |     3 |     1 ||     7
       Petrifying        |       |       |       |       |     2 ||     2
       Petrified         |       |       |       |       |     2 ||     2
Armor: Robe              |    12 |       |       |       |       ||    12
       Ring mail         |       |    29 |   189 |       |       ||   218
       Scale mail        |       |       |    16 |   432 |   444 ||   892
Dodge: Dodged            |    43 |    50 |   356 |   515 |   467 ||  1431
Block: Buckler           |       |       |     5 |   147 |       ||   152
       Kite shield       |       |       |       |   227 |   565 ||   792

Table legend: (Time is in decaauts)
 A = Elapsed time spent in this place.
 B = Non-inter-level travel time spent in this place.
 C = Inter-level travel time spent in this place.
 D = Time resting spent in this place.
 E = Time spent auto-exploring this place.
 F = Levels seen in this place.
 G = Mean time per level.
                   A        B        C        D        E       F      G
               +--------+--------+--------+--------+--------+-----+--------+
         Total |  32557 |  31138 |   1419 |  10641 |   8227 |  20 | 1627.8 |
       Dungeon |  19065 |  17867 |   1198 |   5618 |   5010 |  11 | 1733.2 |
        Temple |    207 |    145 |     62 |      0 |    123 |   1 |  207.0 |
          Lair |  12539 |  12381 |    158 |   4631 |   3093 |   6 | 2089.8 |
       Ossuary |    453 |    453 |      0 |    176 |      0 |   1 |  453.0 |
      Ice Cave |    292 |    292 |      0 |    216 |      0 |   1 |  292.0 |
               +--------+--------+--------+--------+--------+-----+--------+

Top non-repeatable levels by time:
  Lair:4: 3744 daAuts
     D:8: 3490 daAuts
     D:5: 2612 daAuts
  Lair:2: 2530 daAuts
     D:4: 2269 daAuts
  Lair:6: 2122 daAuts
     D:3: 2121 daAuts
  Lair:3: 1999 daAuts
     D:2: 1905 daAuts
    D:11: 1573 daAuts
     D:7: 1320 daAuts
  Lair:5: 1237 daAuts
     D:1: 1119 daAuts
    D:10: 1107 daAuts
  Lair:1: 904 daAuts
